 Dungeon Crawl Stone Soup version 0.17-a0-737-gf0a300a (webtiles) character file.

2578 Kisielow the Blocker (level 9, -1/79 HPs)
             Began as a Minotaur Fighter on Apr 21, 2015.
             Was a Believer of Okawaru.
             Killed by an exploding giant spore (28 damage)
             ... on level 8 of the Dungeon.
             The game lasted 00:18:28 (5885 turns).

Kisielow the Blocker (Minotaur Fighter)             Turns: 5885, Time: 00:18:29

Health: -1/79      AC: 19    Str: 25    XL:     9   Next: 32%
Magic:  8/8        EV:  3    Int:  5    God:    Okawaru [**....]
Gold:   278        SH:  0    Dex:  9    Spells: 0 memorised, 8 levels left

rFire  + + .     SeeInvis .     a - +0 long sword
rCold  + . .     Clarity  .     d - +0 gold dragon armour
rNeg   . . .     SustAb   .     c - +0 shield
rPois  +         Gourm    .     (helmet restricted)
rElec  .         Spirit   .     i - +2 cloak
rCorr  .         Warding  .     (no gloves)
rMut   .         Stasis   .     (no boots)
MR     .....                    (no amulet)
Stlth  ..........               (no ring)
                                t - ring of protection from fire

@: confused, lethally poisoned (-1 -> -2), heavily contaminated, glowing, not
resistant to hostile enchantments, extremely unstealthy
A: retaliatory headbutt, horns 2, no device heal 1
a: Heroism, Renounce Religion


You were on level 8 of the Dungeon.
You worshipped Okawaru.
Okawaru was pleased with you.
You were not hungry.

You visited 2 branches of the dungeon, and saw 9 of its levels.
You also visited: Ossuary.

You collected 278 gold pieces.

Inventory:

Hand weapons
 a - a +0 long sword (weapon)
 y - the +6 dagger of Eruir {venom, Contam Str+4 Dex+7}
   (You found it on level 8 of the Dungeon)

   It poisons the flesh of those it strikes.
   It affects your strength (+4).
   It affects your dexterity (+7).
   It causes magical contamination when unequipped.
Armour
 c - a +0 shield (worn)
 d - a +0 gold dragon armour (worn)
 i - a +2 cloak (worn)
 w - the +2 robe of Beauty {rC++}
   (You found it on level 7 of the Dungeon)

   It greatly protects you from cold.
Jewellery
 t - a ring of protection from fire (left hand)
Scrolls
 b - a scroll of remove curse
 h - 4 scrolls of teleportation
 k - a scroll of fear
 n - 2 scrolls of fog
 r - a scroll of magic mapping
Potions
 g - 2 potions of mutation {unknown}
 m - 4 potions of resistance
 o - a potion of might
 p - 4 potions of heal wounds
 q - 2 potions of flight
 s - a potion of degeneration
 v - a potion of invisibility
 x - a potion of poison
 z - a potion of lignification {unknown}
Books
 f - a book of Burglary

   Spells                             Type                      Level
   a - Swiftness                      Charms/Air                   2
   b - Passwall                       Transmutation/Earth          3
   c - Passage of Golubria            Translocation                4
   d - Lee's Rapid Deconstruction     Earth                        5
   e - Invisibility                   Hexes                        6
   f - Darkness                       Hexes                        7
 u - a book of Cantrips

   Spells                             Type                      Level
   a - Corona                         Hexes                        1
   b - Animate Skeleton               Necromancy                   1
   c - Summon Small Mammal            Summoning                    1
   d - Apportation                    Translocation                1
 B - a book of Clouds

   Spells                             Type                      Level
   a - Mephitic Cloud                 Conjuration/Poison/Air       3
   b - Conjure Flame                  Conjuration/Fire             3
   c - Poisonous Cloud                Conjuration/Poison/Air       6
   d - Freezing Cloud                 Conjuration/Ice/Air          6
   e - Ring of Flames                 Charms/Fire                  7
Comestibles
 e - 6 bread rations
 j - a beef jerky
 l - 2 meat rations
 A - 11 chunks of flesh


   Skills:
 * Level 7.5 Fighting
 * Level 7.7 Long Blades
 * Level 7.8 Armour
 - Level 10.0 Shields


You had 8 spell levels left.
You didn't know any spells.

Dungeon Overview and Level Annotations

Branches:
Dungeon (8/15)             Temple (1/1) D:6
   Lair: D:8-11

Altars:
Ashenzari
Cheibriados
Dithmenos
Elyvilon
Fedhas
Gozag
Kikubaaqudgha
Makhleb
Nemelex Xobeh
Okawaru
Qazlal
Sif Muna
Trog
Vehumet
Xom
Yredelemnul
Zin

Shops:
D:4 [*?   D:5 %=


Innate Abilities, Weirdness & Mutations

You reflexively headbutt those who attack you in melee.
You have a pair of horns on your head.
Potions and wands are less effective at restoring your health.


Message History

The killer bee stings you but does no damage. x2
You block the killer bee's attack.
You barely miss the killer bee.
The killer bee is moderately wounded.
The killer bee stings you! You block the killer bee's attack.
The killer bee stings you.
You miss the killer bee.
The killer bee is moderately wounded.
You block the killer bee's attack. x2
The killer bee stings you but does no damage. x2
A giant spore comes into view.
You closely miss the killer bee.
The killer bee is moderately wounded.
The killer bee stings you.
The killer bee stings you but does no damage.
You block the killer bee's attack.
The giant spore explodes!
The explosion of spores engulfs you!
You are confused.
You die...

###'###+###...###
#...###..####'#####+#####
.....+...................
.....#....................
.##..###+##+#####'##.##+#
.##..##..##...##..#..##..##
.........#.................
.........#......††####.....
.........+......@## .
..)..<...#.....†#y#
.###.###.####+.# #y# .# #.#
... #y# .. ... +... #y#
....... #.. #y# .......+ #+
# #+##...# #..##


You could see a queen bee and 4 killer bees.

Vanquished Creatures
  A water moccasin (D:7)
  Duvessa (D:6)
  2 black bears (D:7)
  A centaur (D:6)
  2 ogres
  A phantom (D:6)
  4 giant frogs
  The ghost of lightmor the Magician, an average DEIE of Ru (D:3)
  Dowan (D:6)
  2 water moccasin zombies (Ossuary)
  3 killer bees (D:8)
  3 scorpions
  5 hounds
  3 wights (D:6)
  Crazy Yiuf (D:5)
  A centaur skeleton (D:4)
  Ijyb (D:3)
  A jelly (D:5)
  3 orc priests
  3 orc wizards
  2 iguanas
  A killer bee zombie (D:3)
  5 worker ants
  3 big kobold zombies (Ossuary)
  3 mummies
  Robin (D:2)
  4 adders
  9 adder zombies (Ossuary)
  4 oozes
  2 giant geckos
  28 orcs
  5 gnoll zombies (Ossuary)
  17 goblins
  15 hobgoblins
  6 jackals
  5 kobolds
  A quokka (D:5)
  A ball python (D:2)
  16 bats
  5 giant cockroaches (D:2)
  3 giant newts (D:2)
  4 hobgoblin zombies (Ossuary)
  2 kobold zombies (Ossuary)
  2 orc zombies (Ossuary)
  A quokka skeleton (D:6)
  12 rats
197 creatures vanquished.

Vanquished Creatures (others)
  2 killer bees (D:8)
2 creatures vanquished.

Grand Total: 199 creatures vanquished

Notes
Turn   | Place    | Note
--------------------------------------------------------------
     0 | D:1      | Kisielow, the Minotaur Fighter, began the quest for the Orb.
     0 | D:1      | Reached XP level 1. HP: 19/19 MP: 0/0
   182 | D:1      | Reached XP level 2. HP: 25/27 MP: 1/1
   414 | D:1      | Reached skill level 4 in Fighting
   736 | D:2      | Reached XP level 3. HP: 28/33 MP: 2/2
   900 | D:2      | Noticed Robin
   914 | D:2      | Reached XP level 4. HP: 33/41 MP: 3/3
   937 | D:2      | Killed Robin
  1236 | D:2      | Found a basalt altar of Yredelemnul.
  1631 | D:3      | Noticed lightmor's ghost (average DEIE)
  1642 | D:3      | Killed lightmor's ghost
  1642 | D:3      | Reached skill level 5 in Armour
  1642 | D:3      | Reached skill level 5 in Shields
  1642 | D:3      | Reached XP level 5. HP: 28/47 MP: 4/4
  1812 | D:3      | Found a stormy altar of Qazlal.
  1903 | D:3      | Found a snail-covered altar of Cheibriados.
  1906 | D:3      | Found a white marble altar of Elyvilon.
  1933 | D:3      | Found a stormy altar of Qazlal.
  1944 | D:3      | Found a shimmering altar of Xom.
  2118 | D:3      | Noticed Ijyb
  2126 | D:3      | Killed Ijyb
  2126 | D:3      | Reached skill level 5 in Fighting
  2126 | D:3      | Reached XP level 6. HP: 51/56 MP: 5/5
  2299 | D:4      | Found Ellomil's Antique Armour Boutique.
  2368 | D:5      | Entered Level 5 of the Dungeon
  2505 | D:5      | Reached skill level 6 in Shields
  2634 | D:4      | Reached XP level 7. HP: 61/61 MP: 6/6
  2650 | D:4      | Found Filaum's Assorted Antiques.
  2765 | D:4      | Found Lugit's Magic Scroll Emporium.
  3422 | D:5      | Found Dugune's Jewellery Emporium.
  3454 | D:5      | Noticed Crazy Yiuf
  3461 | D:5      | Killed Crazy Yiuf
  3461 | D:5      | Reached skill level 7 in Shields
  3587 | D:5      | Found Duwk's Food Boutique.
  3940 | D:6      | Found a staircase to the Ecumenical Temple.
  3966 | D:6      | Reached skill level 8 in Shields
  3973 | Temple   | Entered the Ecumenical Temple
  4028 | Temple   | Became a worshipper of Warmaster Okawaru
  4205 | D:6      | Noticed Duvessa
  4208 | D:6      | Noticed Dowan
  4226 | D:6      | Killed Duvessa
  4226 | D:6      | Reached skill level 5 in Long Blades
  4226 | D:6      | Reached XP level 8. HP: 58/70 MP: 7/7
  4238 | D:6      | Killed Dowan
  4584 | D:6      | Acquired Okawaru's first power
  4866 | D:6      | Reached skill level 9 in Shields
  5036 | D:7      | Found a sand-covered staircase.
  5049 | Ossuary  | Entered an ossuary
  5365 | D:7      | Reached XP level 9. HP: 64/78 MP: 8/8
  5396 | D:7      | Got a brightly glowing robe
  5448 | D:7      | Identified the +2 robe of Beauty {rC++} (You found it on level 7 of the Dungeon)
  5648 | D:7      | Reached skill level 10 in Shields
  5805 | D:8      | Got a warped dagger
  5806 | D:8      | Identified the +6 dagger of Eruir {venom, Contam Str+4 Dex+7} (You found it on level 8 of the Dungeon)
  5875 | D:8      | Gained mutation: Potions and wands are less effective at restoring your health. [mutagenic glow]
  5885 | D:8      | Killed by an exploding giant spore

Action                   |  1- 3 |  4- 6 |  7- 9 || total
-------------------------+-------+-------+-------++-------
Melee: Long sword        |    93 |   216 |   409 ||   718
  Use: Potion            |       |     3 |     2 ||     5
       Scroll            |       |       |    26 ||    26
 Stab: Invisible         |       |     2 |       ||     2
  Eat: Chunk             |       |     6 |     8 ||    14
       Bread ration      |       |       |     1 ||     1
